Map: King Sejong Station LE

Players

ZerGuyBrasov

  • Race: Protoss Protoss
  • League: Gold

Xolored - Winner!

  • Race: Protoss Protoss
  • League: Silver

VOD

Have the link to the VOD?

Description

Got tower rushed so i panicked, alot :D

Time

  • Played on: Aug. 12, 2016, 4:53 a.m.
  • Length: 12:39
Show
View Real Time Build Order
Export as new Build Order

ZerGuyBrasov Protoss 

Build Orders: Cannon Rush 

Get SALT Encoding   

  12  0:01  Probe (Chrono Boost)  
  13  0:22  Pylon  
  13  0:29  Probe (Chrono Boost)  
  14  0:39  Probe (Chrono Boost)  
  15  0:43  Forge  
  15  0:47  Pylon  
  15  1:07  Pylon  
  15  1:29  Photon Cannon  
  15  1:30  Photon Cannon  
  15  1:31  Photon Cannon  
  15  1:56  Pylon  
  15  2:04  Probe (Chrono Boost)  
  16  2:16  Photon Cannon  
  16  2:17  Photon Cannon  
  16  2:20  Photon Cannon  
  16  2:26  Photon Cannon  
  16  2:35  Pylon  
  16  3:00  Photon Cannon  
  16  3:02  Pylon  
  16  3:22  Photon Cannon  
  16  3:25  Photon Cannon  
  16  3:30  Photon Cannon  
  16  3:37  Photon Cannon  
  16  3:47  Pylon  
  16  4:08  Photon Cannon x2  
  16  4:11  Photon Cannon  
  16  4:24  Photon Cannon  
  16  4:34  Photon Cannon  
  16  4:47  Pylon  
  16  4:52  Photon Cannon  
  16  5:04  Photon Cannon  
  16  5:13  Photon Cannon  
  16  5:23  Photon Cannon  
  16  5:32  Photon Cannon  
  16  5:41  Photon Cannon  
  16  5:52  Photon Cannon  
  16  6:13  Pylon  
  16  6:21  Forge  
  10  6:56  Photon Cannon  
  4  8:02  Photon Cannon  
  4  8:37  Photon Cannon  
  1  11:14  Probe (Chrono Boost)  
Show
View Real Time Build Order
Export as new Build Order

Xolored Protoss - Winner!

Build Orders:  

Get SALT Encoding   

  12  0:01  Probe (Chrono Boost)  
  13  0:11  Probe (Chrono Boost)  
  14  0:19  Pylon  
  14  0:25  Assimilator  
  14  0:28  Probe (Chrono Boost)  
  15  0:45  Gateway  
  15  0:47  Probe (Chrono Boost)  
  16  0:58  Probe (Chrono Boost)  
  17  1:06  Pylon  
  17  1:09  Probe (Chrono Boost)  
  18  1:20  Gateway, Probe (Chrono Boost)  
  19  1:30  Probe (Chrono Boost)  
  20  1:34  Cybernetics Core  
  20  1:39  Zealot  
  22  1:48  Assimilator  
  22  1:51  Probe (Chrono Boost)  
  23  1:57  Warp Gate  
  23  2:02  Probe (Chrono Boost)  
  24  2:14  Probe (Chrono Boost)  
  25  2:27  Mothership Core (Chrono Boost)  
  27  2:30  Pylon  
  27  2:39  Zealot x2  
  27  2:43  Pylon  
  31  2:45  Pylon  
  29  3:09  Stargate  
  25  3:42  Forge  
  25  4:21  Photon Cannon  
  25  4:27  Photon Cannon  
  25  4:28  Stalker  
  25  4:31  Stalker  
  29  4:49  Fleet Beacon  
  29  5:06  Pylon  
  29  5:15  Stalker  
  3  7:30  Nexus  
  3  7:31  Pylon  
  3  7:33  Pylon  
  3  7:48  Nexus  
  3  7:56  Nexus  
  3  8:10  Pylon  
  3  8:12  Assimilator  
  3  8:17  Assimilator  
  3  8:42  Probe (Chrono Boost)  
  4  8:52  Probe (Chrono Boost)  
  5  9:00  Probe (Chrono Boost)  
  6  9:03  Probe (Chrono Boost)  
  7  9:13  Probe (Chrono Boost)  
  9  9:24  Probe (Chrono Boost)  
  10  9:31  Probe (Chrono Boost)  
  10  9:42  Probe (Chrono Boost)  
  11  9:54  Gateway  
  11  9:59  Probe (Chrono Boost)  
  12  10:05  Probe (Chrono Boost)  
  13  10:41  Zealot  
  15  10:47  Forge  
  15  11:00  Cybernetics Core  
  15  11:07  Probe (Chrono Boost)  
  15  11:08  Zealot  
  15  11:10  Probe (Chrono Boost)  
  19  11:17  Probe (Chrono Boost)  
  20  11:31  Photon Cannon  
  20  11:34  Probe (Chrono Boost)  
  21  11:45  Probe (Chrono Boost)  
  22  11:55  Mothership Core (Chrono Boost)  
  24  12:26  Probe (Chrono Boost)  
Tags
 
Add a new tag
Caveats
  • Supply blocks, unpowered buildings, or Contaminate may cause inaccurate times.
  • Supply counts are checked every 10 seconds.